 Dungeon Crawl Stone Soup version 0.27-a0-1071-ga85bd9520d (webtiles) character file.

Game seed: 1846591347057485530

4252 pokeman the Thaumaturge (level 10, -2/56 HPs)
             Began as a Deep Elf Hedge Wizard on Apr 24, 2021.
             Was a Believer of Vehumet.
             Slain by a two-headed ogre
             ... wielding a +0 giant club
              (10 damage)
             ... on level 7 of the Dungeon.
             The game lasted 00:31:07 (11288 turns).

pokeman the Thaumaturge (Deep Elf Hedge Wizard)    Turns: 11288, Time: 00:31:08

Health: -2/56      AC:  5    Str:  7    XL:     10   Next: 10%
Magic:  21/28      EV: 12    Int: 23    God:    Vehumet [**....]
Gold:   279        SH:  0    Dex: 14    Spells: 20/34 levels left

rFire    . . .     SeeInvis +   E - +5 scythe "Finisher" {speed, eviscerate}
rCold    . . .     Faith    .   (shield currently unavailable)
rNeg     + . .     Spirit   .   u - +0 leather armour
rPois    .         Reflect  .   c - +0 hat
rElec    .         Harm     .   j - +0 cloak
rCorr    .         Rampage  .   m - +0 pair of gloves
Will     +....                  (no boots)
Stlth    ++........             (no amulet)
HPRegen  0.18/turn              e - ring of see invisible
MPRegen  0.21/turn              b - ring of positive energy

@: no status effects
A: no striking features
a: Renounce Religion


You were on level 7 of the Dungeon.
You worshipped Vehumet.
Vehumet was pleased with you.
You visited 2 branches of the dungeon, and saw 9 of its levels.

You collected 279 gold pieces.

Inventory:

Hand Weapons
 o - a +0 shortbow
 p - a +2 dagger of venom
 E - the +5 scythe "Finisher" (weapon) {speed, eviscerate}
   (You found it on level 7 of the Dungeon)

   Attacks with this weapon are significantly faster.
Missiles
 d - 200 arrows
 h - 74 bolts
 y - a curare-tipped dart
Armour
 c - a +0 hat (worn)
 j - a +0 cloak (worn)
 m - a +0 pair of gloves (worn)
 u - a +0 leather armour (worn)
Jewellery
 b - a ring of positive energy (right hand)
 e - a ring of see invisible (left hand)
Wands
 w - a wand of mindburst (6)
Scrolls
 f - 3 scrolls of teleportation {unknown}
 g - 4 scrolls of identify {unknown}
 k - 2 scrolls of vulnerability {unknown}
 l - a scroll of fear {unknown}
 n - a scroll of enchant armour {unknown}
 q - 2 scrolls of immolation {unknown}
 s - a scroll of noise {unknown}
 z - a scroll of brand weapon {unknown}
 B - a scroll of blinking {unknown}
 D - a scroll of summoning {unknown}
Potions
 a - 2 potions of curing
 i - a potion of resistance {unknown}
 r - a potion of mutation {unknown}
 t - a potion of attraction {unknown}
 v - 3 potions of invisibility {unknown}
 x - a potion of flight {unknown}
 A - 2 potions of might {unknown}
 C - a potion of heal wounds {unknown}


   Skills:
 + Level 3.9 Fighting
 - Level 3.0 Armour
 - Level 3.0 Dodging
 - Level 3.0 Stealth
 * Level 12.5 Spellcasting
 + Level 7.1 Conjurations
 - Level 1.1 Summonings
 - Level 1.0 Necromancy
 - Level 1.1 Translocations
 + Level 6.3 Fire Magic
 - Level 1.2 Air Magic
 - Level 1.0 Poison Magic
 - Level 1.0 Evocations


You had 20 spell levels left.
You knew the following spells:

 Your Spells              Type           Power      Damage    Failure   Level
a - Magic Dart            Conj           100%       1d8       1%          1
b - Mephitic Cloud        Conj/Pois/Air  28%        N/A       5%          3
c - Call Imp              Summ           19%        N/A       6%          2
d - Blink                 Tloc           N/A        N/A       6%          2
e - Conjure Flame         Conj/Fire      45%        6-21      1%          3
f - Shock                 Conj/Air       100%       1d9       1%          1
g - Sublimation of Blood  Necr           9%         N/A       6%          2

Your spell library contained the following spells:

 Spells                   Type           Power      Damage    Failure   Level
 Animate Skeleton         Necr           38%        N/A       4%          1
 Dazzling Flash           Conj/Hex       60%        N/A       4%          3
 Corona                   Hex            15%        N/A       6%          1
 Corpse Rot               Necr/Air       N/A        N/A       6%          2
 Ensorcelled Hibernation  Hex/Ice        28%        N/A       10%         2
 Slow                     Hex            14%        N/A       10%         2
 Gell's Gravitas          Tloc           9%         N/A       12%         3
 Confusing Touch          Hex            14%        N/A       19%         3
 Tukima's Dance           Hex            14%        N/A       19%         3
 Dispel Undead            Necr           19%        3d11      38%         4
 Petrify                  Tmut/Erth      14%        N/A       54%         4
 Agony                    Necr           19%        N/A       75%         5
 Excruciating Wounds      Necr           9%         N/A       75%         5
 Summon Forest            Summ/Tloc      9%         N/A       75%         5
 Metabolic Englaciation   Hex/Ice        7%         N/A       87%         5
 Yara's Violent Unravell  Hex/Tmut       7%         3d5       87%         5
 Summon Hydra             Summ           9%         N/A       100%        7


Dungeon Overview and Level Annotations

Branches:
Dungeon (8/15)             Temple (1/1) D:5
   Lair: D:8-11

Altars:
Ashenzari
Cheibriados
Dithmenos
Elyvilon
Fedhas
Hepliaklqana
Kikubaaqudgha
Makhleb
Nemelex Xobeh
Okawaru
Qazlal
Ru
Sif Muna
Trog
Uskayaw
Vehumet
Xom
Yredelemnul
Zin
The Shining One


Message History

Aim: a two-headed ogre, wielding a +0 giant club and a +0 giant spiked club (88% to hit)
The zap hits the two-headed ogre but does no damage.
A howler monkey comes into view.
Casting: Shock (safe; 1% risk of failure)
Confirm with . or Enter, or press ? or * to list all spells.
Aiming: Mephitic Cloud (dangerous; 5% risk of failure)
Press: ? - help, Shift-Dir - straight line, p - two-headed ogre The ball explodes into a vile cloud!
The stinking cloud engulfs the two-headed ogre but does no damage.
The howler monkey howls!
You hear a shout! x2
The two-headed ogre is engulfed in noxious fumes.
Unknown command.
Unknown command.
Casting: Mephitic Cloud (dangerous; 5% risk of failure)
Confirm with . or Enter, or press ? or * to list all spells.
You draw magical energy from your own body!
The two-headed ogre is engulfed in noxious fumes.
Casting: Sublimation of Blood (safe; 6% risk of failure)
Confirm with . or Enter, or press ? or * to list all spells.
Aiming: Shock (safe; 1% risk of failure)
Press: ? - help, Shift-Dir - straight line The zap hits the two-headed ogre.
The two-headed ogre is lightly wounded.
The howler monkey is engulfed in noxious fumes.
The howler monkey appears confused.
The two-headed ogre is engulfed in noxious fumes.
Unknown command.
The howler monkey is engulfed in noxious fumes.
The howler monkey appears confused.
The two-headed ogre closely misses you.
The two-headed ogre hits you with a +0 giant spiked club!!
* * * LOW HITPOINT WARNING * * *
You climb upwards.
There is a stone staircase leading down here.
Unknown command.
Unknown command.
Casting: Shock (safe; 1% risk of failure)
Confirm with . or Enter, or press ? or * to list all spells.
You blink.
The two-headed ogre hits you with a +0 giant club!
You die...

.# .# .# .# .# .# .######
......###################
..............§O@.......#
.####.######.##########.#
........# #.# #.#
........# #.##########.#
........# #.##.........#
....##..# #.##.#########
....###.## #.##.#
......#..# #.##.#
....#.##.###.##.#


You could see a two-headed ogre.

Vanquished Creatures
  A gargoyle (D:6)
  A hornet (D:6)
  7 wraiths (D:7)
  An orc warrior (D:6)
  4 ice beasts
  A sky beast (D:6)
  A necrophage (D:7)
  3 ogres
  5 centaurs
  A kobold brigand (D:7)
  3 bullfrogs
  A gnoll sergeant (D:5)
  2 scorpions
  5 killer bees (D:7)
  3 wights (D:7)
  4 hounds
  A centaur zombie (D:7)
  An orc priest (D:6)
  A jelly (D:6)
  A gnoll shaman (D:7)
  4 iguanas
  4 orc wizards
  5 adders
  10 gnolls
  3 white imps
  2 worms
  4 dart slugs
  13 orcs
  9 endoplasms
  6 giant cockroaches
  5 hobgoblins
  12 jackals
  5 quokkas
  7 ball pythons
  8 bats
  3 frilled lizards (D:1)
  8 goblins
  14 kobolds
  7 rats
176 creatures vanquished.

Vanquished Creatures (collateral kills)
  2 gnolls (D:7)
2 creatures vanquished.

Vanquished Creatures (others)
  4 plants (D:1)
4 creatures vanquished.

Grand Total: 182 creatures vanquished

Notes
Turn   | Place    | Note
-------+----------+-------------------------------------------
     0 | D:1      | pokeman the Deep Elf Hedge Wizard began the quest for the
                  | Orb.
     0 | D:1      | Reached XP level 1. HP: 10/10 MP: 7/7
   247 | D:1      | Reached XP level 2. HP: 16/16 MP: 2/9
   718 | D:1      | Reached skill level 5 in Spellcasting
   767 | D:1      | Reached XP level 3. HP: 2/20 MP: 0/11
   770 | D:1      | Learned a level 2 spell: Sublimation of Blood
   774 | D:1      | Learned a level 3 spell: Mephitic Cloud
   777 | D:1      | Learned a level 2 spell: Call Imp
   780 | D:1      | Learned a level 2 spell: Blink
  1897 | D:2      | Reached skill level 1 in Fighting
  1938 | D:2      | Reached skill level 1 in Armour
  2171 | D:2      | Found a shimmering altar of Xom.
  2386 | D:2      | Reached XP level 4. HP: 25/25 MP: 9/13
  2627 | D:2      | Learned a level 3 spell: Conjure Flame
  3408 | D:3      | Noticed a centaur
  3436 | D:3      | Killed a centaur
  3437 | D:3      | Reached skill level 6 in Spellcasting
  3437 | D:3      | Reached skill level 1 in Air Magic
  3437 | D:3      | Reached XP level 5. HP: 29/29 MP: 5/15
  3524 | D:3      | Found a shimmering blue altar of Sif Muna.
  3547 | D:3      | Identified Sif Muna's Compendium of Sinister Rites
  4253 | D:3      | Reached skill level 1 in Poison Magic
  4724 | D:4      | Reached XP level 6. HP: 34/34 MP: 12/17
  5258 | D:4      | Found a white marble altar of Elyvilon.
  5274 | D:4      | Reached skill level 7 in Spellcasting
  5274 | D:4      | Reached skill level 1 in Necromancy
  5275 | D:4      | Reached skill level 1 in Fire Magic
  5848 | D:5      | Entered Level 5 of the Dungeon
  5896 | D:5      | Reached XP level 7. HP: 38/38 MP: 15/20
  6074 | D:5      | Reached skill level 8 in Spellcasting
  6080 | D:5      | Identified the Handbook of the Supportive Oath
  6760 | D:5      | Found a staircase to the Ecumenical Temple.
  6769 | Temple   | Entered the Ecumenical Temple
  6870 | Temple   | Became a worshipper of Vehumet
  6981 | D:5      | Found an ancient bone altar of Kikubaaqudgha.
  7554 | D:6      | Reached skill level 9 in Spellcasting
  7554 | D:6      | Reached XP level 8. HP: 42/44 MP: 8/23
  7924 | D:6      | Reached skill level 1 in Evocations
  7949 | D:6      | Reached skill level 5 in Conjurations
  8246 | D:6      | Noticed a hornet
  8255 | D:6      | Killed a hornet
  8256 | D:6      | Reached skill level 10 in Spellcasting
  8377 | D:6      | Reached * piety under Vehumet
  8377 | D:6      | Offered knowledge of Sandblast by Vehumet.
  8483 | D:6      | Noticed a gargoyle
  8495 | D:6      | Killed a gargoyle
  8496 | D:6      | Reached XP level 9. HP: 30/48 MP: 23/25
  9123 | D:7      | Reached skill level 11 in Spellcasting
  9123 | D:7      | Reached skill level 5 in Fire Magic
 10067 | D:7      | Offered knowledge of Shock by Vehumet.
 10068 | D:7      | Reached skill level 12 in Spellcasting
 10070 | D:7      | Learned a level 1 spell: Shock
 10117 | D:7      | Reached ** piety under Vehumet
 10513 | D:7      | Found an iron altar of Okawaru.
 10524 | D:7      | Reached XP level 10. HP: 27/56 MP: 21/28
 10980 | D:7      | Found the +5 scythe "Finisher" {speed, eviscerate}
 11280 | D:8      | Noticed a two-headed ogre
 11288 | D:7      | Slain by a two-headed ogre

Illustrated notes

Levels and vault maps discovered:
D:1:      ebering_trefoil_3fold, layout_basic, lexackson_kobold_supper
D:2:      layout_loops_ring, basic_altar, minivault_14, minmay_fractal_squares_5
D:3:      layout_basic, led_sif_book
D:4:      layout_loops_corners, overflow_temple_1_default
D:5:      wad_crossroads, layout_basic, lemuel_round_altar,
          minmay_temple_entry_nine_rooms
D:6:      layout_basic
D:7:      layout_basic, kennysheep_mini, minmay_guarded_unrand_finisher
D:8:      layout_cave_pools, uniq_joseph
Temple:   eino_temple_rhombus

Skill      XL: |  1  2  3  4  5  6  7  8  9 |
---------------+----------------------------+-----
Spellcasting   | 5 6 7 9 10 12 | 12.5
Conjurations   | 2 3 4 5 7 |  7.1
Fighting       | 1 2 3 |  3.9
Armour         | 1 2 3 |  3.0
Dodging        | 3 |  3.0
Air Magic      | 1 |  1.2
Poison Magic   | 1 |  1.0
Stealth        | 3 |  3.0
Necromancy     | 1 |  1.0
Fire Magic     | 1 3 4 6 |  6.3
Evocations     | 1 |  1.0
Summonings     | |  1.1
Translocations | |  1.1

Action                   |  1- 3 |  4- 6 |  7- 9 | 10-12 || total
-------------------------+-------+-------+-------+-------++-------
Melee: Dagger            |    28 |    32 |    62 |       ||   122
       Hand axe          |       |    10 |       |       ||    10
       Scythe            |       |       |       |    20 ||    20
 Fire: Shortbow          |       |       |   189 |       ||   189
 Cast: Magic Dart        |   127 |   130 |   148 |       ||   405
       Mephitic Cloud    |       |     8 |    23 |     7 ||    38
       Blink             |       |     2 |     1 |     1 ||     4
       Conjure Flame     |       |       |    40 |     3 ||    43
       Shock             |       |       |    32 |    15 ||    47
       Call Imp          |       |       |    14 |     3 ||    17
       Sublimation of Bl |       |       |     4 |     1 ||     5
Evoke: Wand              |       |       |    39 |       ||    39
  Use: Potion            |       |       |     1 |       ||     1
 Stab: Confused          |       |     5 |     9 |     2 ||    16
Armor: Robe              |     9 |     6 |       |       ||    15
       Leather armour    |       |     3 |    18 |     9 ||    30
Dodge: Dodged            |    42 |    25 |    49 |    14 ||   130

Table legend: (Time is in decaauts)
 A = Elapsed time spent in this place.
 B = Non-inter-level travel time spent in this place.
 C = Inter-level travel time spent in this place.
 D = Time resting spent in this place.
 E = Time spent auto-exploring this place.
 F = Levels seen in this place.
 G = Mean time per level.
                   A        B        C        D        E       F      G
               +--------+--------+--------+--------+--------+-----+--------+
         Total |  11368 |  11024 |    344 |    447 |   8684 |   9 | 1263.1 |
       Dungeon |  11242 |  10917 |    325 |    447 |   8585 |   8 | 1405.2 |
        Temple |    125 |    106 |     19 |      0 |     99 |   1 |  125.0 |
               +--------+--------+--------+--------+--------+-----+--------+

Top non-repeatable levels by time:
     D:7: 2577 daAuts
     D:1: 1749 daAuts
     D:4: 1461 daAuts
     D:6: 1392 daAuts
     D:5: 1386 daAuts
     D:3: 1340 daAuts
     D:2: 1297 daAuts
  Temple: 125 daAuts
     D:8: 36 daAuts
